[Event "44th Chess Olympiad Women 2022"]
[Site "Chennai"]
[Date "2022.07.30"]
[Round "2.17"]
[White "Roebers, Eline"]
[Black "Ouellet, Maili-Jade"]
[Result "1-0"]
[WhiteElo "2344"]
[BlackElo "2239"]
[Annotator "TA"]
[PlyCount "167"]
[EventDate "2022.??.??"]
[TimeControl "60"]

1. e4 c5 2. Nf3 d6 3. d4 cxd4 4. Nxd4 Nf6 5. Nc3 a6 6. Bg5 Nbd7 7. Bc4 {[%emt 0:00:56] 7.Qe2 is the
modern continuation.} Qb6 {[%emt 0:00:15] B94: Sicilian Najdorf: 6 Bg5 Nbd7.}
8. Bb3 e6 9. Bxf6 Nxf6 {
[%emt 0:00:10] The position is equal.} 10. Qd2 {[%emt 0:00:04] 10.f4 is
vanishing.} Nd7 11. O-O-O Nc5 12. f4 Bd7 13. Kb1 Be7 14. Rhf1 O-O-O 15. Nf5 Bf8 (15... exf5 $2 16. Nd5 Qb5 17. c4 (17.
Nxe7+ Kb8 $16) 17... Nxe4 18. Nxe7+ (18. cxb5 Nxd2+ 19. Rxd2 Bf8 $16) 18... Kb8
19. cxb5 $18) 16. Ne3 Bc6 17. f5 {[%emt 0:00:
00] [#]} Qc7 $146 ({Predecessor:} 17... Kb8 18. Qe1 Nxb3 19.
axb3 Be7 20. fxe6 fxe6 21. Ned5 exd5 22. exd5 Bf6 23. dxc6 Rhe8 {1-0 (51) Van
Foreest,L (2531)-Donchenko,A (2654) Karlsruhe 2020}) 18. Qe2 (
18. fxe6 $14 fxe6 19. Bd5 $1) 18... Kb8 $15 19. Qg4 h5 20. Qh3 Rh6 21. Rd4 (21. Qg3 $15) 21... g5 $17 22. e5 d5 (22... dxe5 23.
Rxd8+ Qxd8 24. fxe6 fxe6 25. Nc4 $15) 23. Qg3 Nxb3 24. axb3 Bc5 25. Qxg5 $2 (25. Ne2 $17 {might work better.}) 25... Rhh8 $19 (25...
Bxd4 $2 26. Qxh6 Bxe3 27. Qxe3 $19) 26. Qf4 Qb6 $2 (26... f6 $19 27. Ncxd5 (27. exf6 $2 e5 $19) 27... exd5) 27. Rfd1 $17 Bxd4 28. Rxd4 Rhg8 29. g3 Ka8 30. f6 Rg6 31. Ne2 Bb5 32. Ng1 Rdg8 33. c3 Bc6 34. Kc2 Rc8 35. Qh4 Bb5 36. Kd2 (36. Kb1 $15)
36... Rh6 (36... Qa5 $17 37. Kc2 Qa2) 37. Nf3 Qa5 38. Qf4 (38. Kc2 $142) 38... Rhh8 $1 39. Rb4 Qa1 40. Nd1 Qb1 41. Ne1 {[%emt 0:00:00]
Against Bd3} (41. Qe3 $17) 41... Rhg8 $19 42. Qe3 Rg4 $36 {[%emt 0:01:55] Black is really pushing.} 43. Rf4 Rxf4 44. Qxf4 Qg6 (44... Rd8
$19 {[%cal Yb5c4] And now ...Bc4! would win.} 45. Qb4 Rg8) 45. Ne3 {[%emt 0:01:
11] Against Bc4} Rg8 46. N3c2 a5 ({Better is} 46... Qh7 $17 {White must now prevent ...Rg4.} 47. Kc1 Qe4)
47. Na3 Ba6 48. Nac2 (48. b4
$142 axb4 49. cxb4) 48... Qg4 ({Black should play} 48... h4
$17 49. Qxh4 Qf5) 49. Nd4 $15 Qg6 (49... Kb8 $15) 50. Ndc2 $1 $19 Kb8 (
50... h4 $1 $19 51. Qxh4 Qf5) 51. b4 $17 axb4 52. Nxb4 Bc4 53. Nbc2 Rc8 54. Qd4 Qh6+ (54... Qg4 $17 55. Qxg4 hxg4) 55. Qe3 $15 Qh7 56. Nf3 $1 Qf5 57. Na3 Ba6 58. Nc2 Ka8 59. Na3
{[%emt 0:00:23] Active counter play!} (59. h4 $11) 59... Qg4 (
59... Rd8 $15) 60. Nd4 $11 b6 61. Nac2 ({White should try} 61. Nab5 $11) 61... Kb7 $15 62. Nb4 Bc4 63. b3 Bf1 64. Qf2 Qh3 (64... Ba6 $15
65. Nxa6 Kxa6 66. Qe2+ Qxe2+ 67. Nxe2 Rh8) 65. Nd3 $2 (65. c4
$1 $11) 65... Bxd3 $19 66. Kxd3 {[%emt 0:00:04] Endgame
KQR-KQN} Qg4 67. Qe2 {[%emt 0:00:54] Inhibits Qe4+.} (67. Nb5
{was worth a try.} Qe4+ 68. Kd2 Qxe5 69. Qf4 Qxf4+ 70. gxf4) 67... Qg6+ 68. Kd2 Qb1 {[%emt 0:01:31] Hoping for ...
Qb2+.} 69. Qd3 Qa2+ (69... Qb2+ $2 70. Qc2
Qa1 71. h4 $17) 70. Qc2 Qa5 (70... Qa1 $1 $19
{[%cal Yh5h4] is more deadly. aiming for ...h4!} 71. h4 Rg8) 71. Qd3 (71. Ne2 $17 {is a better defense.}) 71... Qc5 (71...
Qa1 $1 $19 72. h4 Rh8) 72. Nb5 $2 (72. h4 $17 {is tougher.})
72... Ra8 $1 (72... Qf2+ 73. Qe2 Qxe2+ 74. Kxe2 $11) 73. Nd6+
{[%emt 0:00:06] [#]} Kc6 $1 74. Qd4 {[%emt 0:00:38] Prevents
Qf2+.} Ra2+ (74... Qa3 $142 {Threatens to win with ...Qb2+.}
75. Qd3 Qa1) 75. Kd3 (75. Ke3 {is the only way for White.} Qa3
76. Qa4+ Qxa4 77. bxa4) 75... Qa5 $2 (75... Rxh2 76. Qa4+ b5
77. Qa8+ (77. Qa6+ Kd7 $18) 77... Kd7 78. Qe8+ Kc7 79. Qxf7+ Kb6 80. Qb7+ Ka5
81. Qa8+ Kb6 82. Qb7+ Ka5 83. b4+ Ka4 84. bxc5) (75... Qa3 $19 {and Black
stays clearly on top.} 76. Qa4+ Qxa4 77. bxa4 Rxh2) 76. Ke3 (
76. b4 $17 Qa4 77. b5+ Kd7 78. Qxa4 Rxa4 79. c4 (79. Nxf7 Ra2 $15)) 76... Qa6
$2 (76... Qa3 $19 {( -> ...Qc1+)} 77. Qa4+ Qxa4 78. bxa4 Rxh2
79. Nxf7 Rc2) 77. c4 (77. Kf4 $1 $11) 77... Qa5 (77... Kd7 $1 $15 78. Nxf7 Qa3) 78. cxd5+ $14 ({Don't go
for} 78. Nxf7 $2 Qe1+ 79. Kf4 Qc1+ 80. Qe3 Rf2+ 81. Kg5 Qxe3+ $19) 78... exd5
$2 (78... Qxd5 $14 79. Qxd5+ Kxd5 80. Nxf7 Kc6) 79. Kf4 $2 {
[%emt 0:00:00] Really sharp!} (79. Nxf7 $18 Kd7 80. Kf4) 79... Qe1 $2 (79... Rd2 $11 80. Qa4+ Qxa4+ 81. bxa4 Rf2+ 82. Ke3 Rxf6 83. exf6 Kxd6)
80. Kg5 $2 (80. Nxf7 $18 Qf2+ 81. Qxf2 Rxf2+ 82. Ke3) 80...
Qc1+ $2 {[%emt 0:00:53] [#]} (80... Ra8 $1 $11 {and Black is okay.}) 81. Kxh5
$2 (81. Qf4 $1 $18 Qxf4+ 82. gxf4) 81... Rxh2+
$2 (81... Qc2 $11 {and Black stays safe.} 82. Kg5 Qg6+ 83. Kf4
Qh6+ 84. Kg4 Qg6+ 85. Kf4 Qh6+ 86. Kf3 Qh5+ 87. Kf4 Qh6+) 82. Kg4 $18 Qb1 (82... Ra2 $18 83. Nxf7 Ra8) 83. Qa4+ (83. Qc3+ $142 Kd7 84. Qc8#) 83... Kc5 84. Nb7# {[%emt 0:
00:04] Weighted Error Value: White=0.19 (very precise) /Black=0.20 (precise)}
1-0

[Event "44th Chess Olympiad Women 2022"]
[Site "Chennai"]
[Date "2022.07.30"]
[Round "2.17"]
[White "Van Foreest, Machteld"]
[Black "Mills, Morgen"]
[Result "1-0"]
[WhiteElo "2299"]
[BlackElo "1993"]
[Annotator "TA"]
[PlyCount "51"]
[EventDate "2022.??.??"]
[TimeControl "60"]

1. e4 c6 2. Nf3 d5 3. Nc3 Nf6 4. e5 Ne4 5. Ne2 Qb6 6. d4 {[%emt 0:00:06] B11: Caro-Kann: Two Knights
Variation.} e6 7. Ng3 $1 {[%emt 0:00:04] 7.Ng3 scores better
than 7.Nfg1.} c5 8. Bd3 {[%emt 0:00:05] The position is equal.
} Nxg3 $1 9. fxg3 Nc6 10.
O-O {[%emt 0:06:48] Active counter play!} cxd4 11. Qe2 h6 {[%emt 0:01:31] Prevents Ng5.} 12. Nh4 {[%emt 0:04:58] [#]
Black must now prevent Qh5.} Qc7 $146 ({Black should try} 
12... Bd7 $1 $15) ({Predecessor:} 12... Bd7 13. Bd2 g5 14. Nf3 Bg7 15. g4 O-O-O
16. b4 Kb8 17. Kh1 Qc7 {½-½ (17) Zelbel,P (2439)-Illner,A (2474) Belgium 2019
}) 13. Qh5 $1 $14 {[%emt 0:04:51][%cal Yf1f7] Threatens to win with Rxf7!} g6
$2 {[%emt 0:22:43] [#] This costs Black the game.} (13... Nxe5 $2 14. Bf4 Bd6
15. Bxe5 Bxe5 {[#]} 16. Rxf7 $3 $18) (13... Bc5 $14) 14. Bxg6 $1 Qxe5 (14... fxg6 $2 15.
Nxg6 Kd8 16. Nxh8 $18) (14... Nd8 15. Bd2) 15. Bxf7+ Kd8 16. Qf3 Qg7 17. Ng6 Rh7 {[%emt 0:07:41] [#]} (17... Bd6 $142 18. Nxh8 Qxh8) 18. Bxe6 $1 $18 Qxg6 19. Qxf8+ Kc7 20. Bf4+ Kb6 21. Bxc8 {[%emt 0:00:20]
This bishop pair is nice.} Ne7 22. Qd8+ Ka6 23. Bd2 Qb6 {[%emt 0:05:
05] [#] Prevents Qa5+.} 24. Rf6 $3 {[%emt 0:02:11][%cal Yc8f5] Threatening
mate with Bf5!} Nc6 {[%emt 0:00:17] [#]} (24... Rxc8 25. Rxb6+) 25. Rxc6 $1 Qxc6 (25... Rc7 26. Qxc7) 26. Qa5# {[%emt 0:
00:04] Weighted Error Value: White=0.15 (very precise) /Black=0.92} 1-0

[Event "44th Chess Olympiad Women 2022"]
[Site "Chennai"]
[Date "2022.07.30"]
[Round "2.19"]
[White "Efroimski, Marsel"]
[Black "Varela La Madrid, Tilsia Carolina"]
[Result "1-0"]
[WhiteElo "2456"]
[BlackElo "2079"]
[Annotator "TA"]
[PlyCount "69"]
[EventDate "2022.??.??"]
[TimeControl "60"]

1. e4 e5 2. Nf3 Nc6 3. Nc3 Nf6 4. Bb5 Bb4 5. O-O O-O 6. d3 d6 7. Bg5 Bxc3 8. bxc3 h6 9. Bh4 a6 {[%emt 0:00:53] C49: Four Knights:
4 Bb5 Bb4.} 10. Ba4 Qe7 11. Re1 Nd8 {[%emt 0:00:12][%cal Yc6d8,Yd8e6,Ye6g5] The position is equal.} 12. d4 Ne6 13. Bg3 Ng5 14. Nd2 c5 (14... b5 $11 15. Bb3 Bb7)
15. Bb3 $1 $14 b5 {[%emt 0:06:42] [#]} 16. Bd5 $146 ({Predecessor:} 16. dxc5 dxc5 17. Bd5 Rb8 18. c4 Bb7 19. Qe2 Rfe8 20.
a4 bxc4 21. h4 Ne6 22. Bxe5 {½-½ (29) Chadaev,N (2591)-Firat,B (2474) Chess.
com INT 2020}) 16... Nxd5 17. exd5 f6 18. f4 Nf7 19. dxc5 dxc5 20. Ne4 (20. c4 $14)
20... Bf5 (20... f5 $5 21. Nd2 e4 $11) 21. d6 (21. fxe5 $11 fxe5 22. Qf3) 21... Qa7 (21...
Qb7 $1 $15 22. Nxc5 Qc6) 22. fxe5 {[%emt 0:01:24] And now e6 would win.} (22.
Qd5 $5 ) 22... fxe5 (22... Bxe4 $5 23. Rxe4 c4+
24. Kh1 Qb7 $14) 23. Qd5 $36 {[%emt 0:00:13][%csl Yc5,Ye5] White is more
active.} Bxe4 (23... c4+ $11 24. Bf2 Qd7) 24. Rxe4 $16 c4+ 25. Kh1 {[%emt 0:05:15] Threatens to win
with Rxe5. White is much more active.} Kh8 (25... Rad8 $14 26.
Bxe5 Qa8 27. Qxa8 Rxa8) 26. Bxe5 (26. Bh4 $1 $18 ) 26... Nxe5 $14 27. Qxe5 Qf2 {[%emt 0:05:
34][%cal Yf2f1] ( -> ...Qf1+!)} 28. Ree1 {[%emt 0:03:09] Inhibits Qf1+.} (28.
Rg4 $2 {gets mated.} Qf1+ $3 29. Rxf1 Rxf1#) 28... Rf5 {[%emt 0:02:21] [#]} (
28... Rad8 $11) 29. Qe4 $1 $16 Raf8 (29...
Rff8 $142) 30. h3 {[%emt 0:00:28] Black must now prevent d7.} Qa7 {[%emt 0:08:
25] [#]} (30... R5f7 $16 31. Qc6 Kh7 32. Qxa6 Qxc2) 31. Rad1 $1 $18 Qd7 32. Qd4 {[%emt 0:01:16] Hoping for Re7.} Rf3 $2 (32... Rf4 33. Qd5 R4f5) 33. Re7 Rxh3+ 34. Kg1 ({Inferior is} 34. gxh3 Qxh3+ 35. Kg1 Qg3+ 36. Kh1 Qh3+ 37. Kg1 Qg3+
38. Kh1 Qh3+ $11) 34... Qg4 35. Qxg4 {[%emt 0:00:06] Weighted
Error Value: White=0.18 (very precise) /Black=0.51} 1-0

[Event "44th Chess Olympiad Women 2022"]
[Site "Chennai"]
[Date "2022.07.30"]
[Round "2.20"]
[White "Pipiras, Filipa Fortuna"]
[Black "Bulmaga, Irina"]
[Result "0-1"]
[WhiteElo "2139"]
[BlackElo "2394"]
[Annotator "TA"]
[PlyCount "60"]
[EventDate "2022.??.??"]
[TimeControl "60"]

1. d4 Nf6 2. c4 e6 3. Nc3 Bb4 4. Qc2 b6 5. a3 Bxc3+ 6. Qxc3 Bb7 7. Bg5 h6 8. Bh4 g5 $1 {[%emt 0:00:14] 8...g5 scores better than 8...d6. E32:
Nimzo-Indian: Classical (4 Qc2): 4...0-0.} 9. Bg3 Ne4 10. Qc2 d6 {[%emt 0:00:31] The position is
equal.} 11. f3 Nxg3 12. hxg3 Nd7 13. e4 {[%emt 0:10:26] [#]} c5 $146 ({
Predecessor:} 13... Qf6 14. O-O-O O-O-O 15. Ne2 Kb8 16. Nc3 h5 17. Kb1 h4 18.
gxh4 Rxh4 19. Rxh4 gxh4 {½-½ (41) Beradze,I (2479)-Mardov,D (2356) Charlotte
2021}) 14. dxc5 (14. Ne2 $142) 14... dxc5 $11 15. O-O-O Qc7 16. Ne2 O-O-O 17. Nc3 (17. g4
$11) 17... Qxg3 $17 18. Nb5 a6 19. Nd6+ Kc7 {[%emt 0:00:18] White must now prevent ...
Bc6.} 20. Kb1 (20. Rh3 $17 Qf4+ 21. Qd2 Qxd2+ 22. Rxd2) 20...
Ne5 $19 21. Rh3 Qf4 22. Nxb7 Kxb7 ({Not} 22... Rxd1+ 23. Qxd1 Kxb7 24. Qd6
$17) 23. Rxd8 (23. Qc1 {might work better.}) 23... Rxd8 24. Rxh6 Rd2 25. Qc1 Qe3 26. Rh7 (26. Rh1 $142)
26... Nd3 27. Rxf7+ Kc6 28.
Bxd3 Qxd3+ 29. Ka2 Rd1 30. Qxg5 Qxc4+ {[%emt 0:00:12] Weighted Error
Value: White=0.77/Black=0.07 (flawless)} 0-1

[Event "44th Chess Olympiad Women 2022"]
[Site "Chennai"]
[Date "2022.07.30"]
[Round "2.24"]
[White "Hernandez Alvarez, Tania Regla"]
[Black "Vo, Thi Kim Phung"]
[Result "1/2-1/2"]
[WhiteElo "2058"]
[BlackElo "2333"]
[Annotator "TA"]
[PlyCount "185"]
[EventDate "2022.??.??"]
[TimeControl "60"]

1. Nf3 d5 2. c4 d4 3. e3 c5 4. exd4 cxd4 5. d3 Nc6 6. g3 {
[%emt 0:00:12] A09: Réti Opening: 1 Nf3 d5 2 c4.} e5 7. Bg2 Nf6 $1 {[%emt 0:00:07] is currently scoring better than 7...
Bd6.} 8. O-O Bd6 9. a3 $1 a5 10. Bg5 h6 11. Bxf6 Qxf6 12. Nbd2 Qd8 13. Re1 {[%emt 0:01:49][%cal Yc4c5] White wants to play c5!} (13. c5 $5 Bc7 14. Nc4 $11) 13... O-O 14. Qc2 {[%emt 0:00:
20] [#]} (14. c5 $1 $14 Bc7 15. Nc4) 14... Re8 $146 ({
Predecessor:} 14... Bc7 15. c5 Be6 16. Nc4 Qf6 17. Nfd2 Bf5 18. Ne4 Qg6 19.
Rad1 Rad8 20. Ncd6 Bxd6 21. Nxd6 {1-0 (41) Gogolev,A (2427)-Bublei,P (2387)
Sochi 2017}) 15. Rab1 a4 16. c5 Bc7 17. Nc4 Be6 18.
Nfd2 (18. Nfxe5 $2 Nxe5 19. Nxe5 Bb3 $19) 18... Bd5 19. Ne4 Bxc4 20. Qxc4 Qd7 21. Nd2 Ba5 22. Re2 Bxd2 23. Rxd2 Na5 24. Qb4 f5 (24... Kh8 $11) 25. Re1
$16 Nb3 26. Rdd1 (26. Rde2
$142 e4 27. dxe4) 26... Ra5 (26... Rab8 $142) 27. Qc4+ Kf8 28. c6 bxc6 (28... Qc7 $16) 29. Bxc6 $18 Qc7 30.
Qb4+ ({Weaker is} 30. Bxe8 Qxc4 31. dxc4 Kxe8 $14) 30... Re7 31. Bxa4 Nc5 32. Bb5 (32. Rc1 $18 {Hoping for Bb5.} Rxa4 33. Qxc5 Qxc5 34. Rxc5)
32... Qb6 $16 33. Bc4 Nd7 34. Qd2 Rc5 (34... g5 $16) 35. Rc1 e4 36. dxe4 Ne5 {[%emt 0:00:11] [#]}
37. Be2 {[%emt 0:00:09] Prevents Nf3+.} d3 38. Rxc5 ({Not} 38. exf5 $2 dxe2 39. Qxe2 {[#]} Qb7 $1 40. Rxc5 Nf3+ 41. Qxf3
Qxf3 42. Rxe7 Kxe7 $19) 38... Qxc5 39. Bd1 ({
But not} 39. exf5 $2 dxe2 40. Qe3 Qd5 41. Rxe2 Nf3+ 42. Kf1 Rxe3 $19) 39...
fxe4 $2 (39... Nc4 40. Qxd3 Nxb2) 40. Rxe4 $18 g5 {[%emt 0:01:36] Against Qf4+} 41. Qe3 Qxe3 42. Rxe3 {[%emt 0:02:15] Endgame KRB-KRN} d2 $2 (42...
Nc4) 43. Kf1 g4 44. Ke2 Kg7 45. b3 Kf6 46. Kxd2 Rd7+ 47. Kc2 Rc7+ 48. Rc3 Rf7 49. f4 gxf3 50. Bxf3 Ke6 51. Be2 Rf2 52. Kd1 Rxh2 53. a4 Kd5 (53... Kd6 $142 54. a5 Nc6)
54. b4 Kd4 55. Rb3 {[%emt 0:00:56] And now
a5 would win.} Rh1+ 56. Kd2 Rh2 $2 (56... Ra1 57. b5 Rxa4) 57. Ke1 Nc4 $2 (57... Rh1+ {might work better.} 58. Kf2 Rh2+ 59. Kf1 Rh1+ 60. Kg2 Ra1) 58.
Rd3+ Ke4 59. Rf3 Ne5 60. Rf2 Rh3 61. Rg2 $2 (61. b5 $18 {has better winning chances.}) 61... Ke3 $16 62. Kd1 {[%emt 0:00:00] Strongly threatening Kc2.} Nc6 63. Bg4 Rh1+ 64. Kc2 {
[%emt 0:00:00] Black must now prevent b5.} Nxb4+ 65. Kb3 Nd3 (65... Nc6 $142) 66. a5 (
66. Re2+ $16 Kd4 67. Rd2 Rb1+ 68. Ka2) 66... Ra1 $11 {[%emt 0:00:23] The
position is equal.} 67. Re2+ Kd4 68. Rd2 {
[%emt 0:00:22] Threatens to win with Be2.} Rxa5 69. Be2 Ke3 {[%emt 0:00:11] ( -> ...Rb5+)} 70. Rxd3+ Kxe2 {[%emt 0:00:02] KR-KR} 71. Rd6 h5 72.
Rg6 {[%emt 0:00:34] Inhibits Rg5.} Kf3 73. Kc3 Kf2 74. Kd2 Ra2+ 75. Kd1 Kf3 76. Rg5 Rh2 77. Ke1 Rh3 78. Kd2 Kf2 79. Kd1 Ke3 80. Re5+ Kf3 81. Rg5 Rh2 82. Ke1 Re2+ 83. Kd1 Rh2 84. Ke1 Rh3 85. Kd2 Rh1 86. Kc2 Ke3 87. Re5+ Kd4 88. Rg5 Ke4 89. Kd2 Kf3 90. Kc2 Rh2+ 91. Kd1 Kf2 92. Kd2 Rh1 93. Kc2 {[%emt 0:00:12]
Black defended with fortune. Weighted Error Value: White=0.22 (precise) /
Black=0.36} 1/2-1/2

[Event "44th Chess Olympiad Women 2022"]
[Site "Chennai"]
[Date "2022.07.30"]
[Round "2.34"]
[White "Mouradian, Knarik"]
[Black "Cramling, Pia"]
[Result "0-1"]
[WhiteElo "2121"]
[BlackElo "2459"]
[Annotator "TA"]
[PlyCount "18"]
[EventDate "2022.??.??"]
[TimeControl "60"]

1. e4 c5 2. Nc3 Nc6 3. g3 g6 4. Bg2 Bg7 5. d3 d6 6. Be3 e5 7. Nh3 h5 {[%emt 0:08:44] B26: Closed Sicilian: 3 g3, lines with
early Be3.} 8. Qd2 {[%emt 0:10:29] [#]} Nd4 $146 {[%emt 0:05:04] [#] aiming
for ...Bxh3.} ({Predecessor:} 8... Nh6 9. f3 Nd4 10. Nf2 Be6 11. Ne2 d5 12. c3
Nxe2 13. Qxe2 d4 14. cxd4 cxd4 {1-0 (46) Robichaud,L (2026)-Duong,T (2230)
Longueuil 2019}) 9. f3 $2 (9. Ng1 $15) 9... Bxh3 {[%emt 0:00:
59] Weighted Error Value: White=1.78/Black=0.02 (flawless)} 0-1

[Event "44th Chess Olympiad Women 2022"]
[Site "Chennai"]
[Date "2022.07.31"]
[Round "3.1"]
[White "Houska, Jovanka"]
[Black "Harika, Dronavalli"]
[Result "1/2-1/2"]
[WhiteElo "2360"]
[BlackElo "2517"]
[Annotator "RC"]
[PlyCount "80"]
[EventDate "2022.??.??"]
[TimeControl "60"]

1. d4 Nf6 2. Nf3 d5 3. c4 e6 4. Nc3 Nbd7 5. cxd5 exd5 6.
Bg5 Be7 7. e3 c6 8. Bd3 h6 9. Bh4 O-O 10. Qc2 Re8 11. Bg3 a5 12. O-O Bf8 13. h3 b5 14. Rfe1 Ba6 15. a3 Qb6 16. Ne5 b4 17. axb4 Bxd3 18.
Nxd3 axb4 19. Na4 Qb5 20. b3 Ne4 21. Ne5 Nxe5 22. Bxe5 Nc3 23. Bg3 Rec8 24. Kh2 Nxa4 25. bxa4 Qc4 26. Rec1 Qxc2 27. Rxc2 f6 28. a5 Ra6 29. f3 c5 30. dxc5 Rxc5 31. Rxc5 Bxc5 32. e4 dxe4 33. fxe4 Kf7 34. Bc7 Ke6 35. Rc1 Bd6+ 36. Bxd6 Kxd6 37. Rc4 b3 38. Rb4 Rxa5 39. Rxb3 Ra4 40. Rb7 Ke5 1/2-1/2

[Event "44th Chess Olympiad Women 2022"]
[Site "Chennai"]
[Date "2022.07.31"]
[Round "3.1"]
[White "Kulkarni Bhakti"]
[Black "Kalaiyalahan, Akshaya"]
[Result "1-0"]
[WhiteElo "2373"]
[BlackElo "2158"]
[Annotator "RC"]
[PlyCount "117"]
[EventDate "2022.??.??"]
[TimeControl "60"]

1. d4 d5 2. Nf3 Nf6 3. Bf4 e6 4. e3 c5 5. c3 Nc6 6. Bb5 Qb6 7. Qe2 a6 8. Ba4 Be7 9. Ne5 O-O 10. h4 cxd4 11. Nxc6 bxc6 12. exd4 a5 13. Bd1 c5 14. Be3 Ba6 15. Qc2 cxd4 16. Bxd4 Qc7 17. Be2 e5 18. Be3 d4 19. Bg5 Bb7 20. Bd3 e4 21. cxd4 Qd7 22. Be2 Qxd4 23. O-O Rfc8 24. Nc3 h6 25. Be3 Qe5 26. Rfd1 Nd5 27. Bd4 Qc7 28. Bg4 Rd8 29. g3 Nb4 30. Qe2 Nd3 31. Be3 Qc6 32. Bf5 Qc4 33. Rac1 Qa6 34. Rc2 Ne5 35. Rxd8+ Bxd8 36. Bxe4 Qxe2 37. Rxe2 Bxe4 38. Nxe4 Ra6 39. Kg2 f5 40. Nc5 Rc6 41. Bd4 Nf7 42. Re8+ Kh7 43. Ne6 Rd6 44. Bc3 a4 45. Nxg7 a3 46. Nxf5 axb2 47. Bxb2 Rd2 48. Bd4 h5 49. g4 hxg4 50. h5 Rc2 51. Nd6 Bb6 52. Bxb6 Nxd6 53. Re7+ Kg8 54. h6 Nf5 55. h7+ Kh8 56. Rf7 Rb2 57. Bc7 Nh4+ 58. Kg3 Ng6 59. Bd8 1-0

[Event "44th Chess Olympiad Women 2022"]
[Site "Chennai"]
[Date "2022.07.31"]
[Round "3.1"]
[White "Vaishali R"]
[Black "Toma, Katarzyna"]
[Result "1-0"]
[WhiteElo "2442"]
[BlackElo "2303"]
[Annotator "RC"]
[PlyCount "129"]
[EventDate "2022.??.??"]
[TimeControl "60"]

1. e4 c5 2. Nf3 Nc6 3. Bb5 g6 4. O-O Bg7 5. c3 e5 6. d4 exd4 7. cxd4 cxd4 8. Bf4 d6 9. Nxd4 Nge7 10. Bxd6 O-O 11. Nxc6 bxc6 12. Bxe7 Qxe7 13. Bxc6 Bb7 14. Bxb7 Qxb7 15. Qb3 Qxe4 16. Nc3 Qh4 17. g3 Qf6 18. Rad1 Rab8 19. Qc2 h5 20. h4 Rfc8 21. Rfe1 Qb6 22. Re2 Qa5 23. Rd3 Qf5 24. Qd1 Re8 25. Nd5 Rxe2 26. Qxe2 Rxb2 27. Ne7+ Kh7 28. Qxb2 Qxd3 29. Qb8 Qf3 30. Qxa7 Be5 31. a4 Qd1+ 32. Kg2 Qd2 33. Qa8 Kg7 34. Qf3 Bd4 35. Nc6 Bb6 36. Ne5 Qa2 37. Qf4 Qd5+ 38. Nf3 f6 39. Qb4 Bc5 40. Qc3 Bb6 41. Qb4 Bc5 42. Qd2 Qb7 43. Qd3 Bb6 44. Qb5 Qa7 45. Qe2 Bc5 46. Qc2 Bb6 47. Ne1 Qe7 48. Kf1 Ba5 49. Ng2 Qb7 50. Qd3 Qc6 51. Qd1 Bb6 52. Kg1 Qc3 53. Qd7+ Kh6 54. Qe8 f5 55. Ne3 Bd4 56. Kg2 Qd2 57. Qe6 Kh7 58. Qd7+ Kh8 59. a5 Qb2 60. a6 Qb6 61. Qc8+ Kg7 62. Qb7+ Kf8 63. Qxb6 Bxb6 64. Nd5 Bc5 65. Nb4 1-0

[Event "44th Chess Olympiad Women 2022"]
[Site "Chennai"]
[Date "2022.07.31"]
[Round "3.1"]
[White "Yao, Lan"]
[Black "Tania, Sachdev"]
[Result "1/2-1/2"]
[WhiteElo "2274"]
[BlackElo "2399"]
[Annotator "RC"]
[PlyCount "101"]
[EventDate "2022.??.??"]
[TimeControl "60"]

1. e4 e5 2. Nf3 Nc6 3. Bc4 Nf6 4. d3 h6 5. c3 d6 6. a4 a5 7. O-O g5 8. Be3 Bg7 9. Nbd2 O-O 10. Bb3 d5 11. exd5 Nxd5 12. Ne4 Bg4 13.
Ng3 Be6 14. d4 f5 15. Nh5 e4 16. Nxg7 Kxg7 17. Ne1 f4 18. Bc1 Bf5 19. c4 Nf6 20. d5 Ne5 21. Nc2 c5 22. dxc6 Nxc6 23. Bd2 Qc7 24. Bc3 Rad8 25. Qc1 Kh7 26. c5 Ng4 27. f3 exf3 28. gxf3 Nge5 29. Ne1 Qe7 30. Bc2 Qxc5+ 31. Kh1 Nc4 32. Ng2 Ne3 33. Nxe3 fxe3 34. Bxf5+ Rxf5 35. Qe1 Re8 36. Qe2 Nd4 37. Bxd4 Qxd4 38. Rad1 Qf6 39. Rd7+ Re7 40. Rxe7+ Qxe7 41. Qd3 Qe5 42. Re1 Qd5 43. Rxe3 Qxd3 44. Rxd3 b5 45. axb5 Rxb5 46. b3 Kg6 47. Rd6+ Kh5 48. Rd3 Kg6 49. Rd6+ Kh5 50. Rd3 Kg6 51. Rd6+ 1/2-1/2

[Event "44th Chess Olympiad Women 2022"]
[Site "Chennai"]
[Date "2022.07.31"]
[Round "3.2"]
[White "Buksa, Nataliya"]
[Black "Hagarova, Zuzana"]
[Result "1-0"]
[WhiteElo "2401"]
[BlackElo "2293"]
[Annotator "RC"]
[PlyCount "69"]
[EventDate "2022.??.??"]
[TimeControl "60"]

1. e4 e6 2. d4 d5 3. Nc3 Nf6 4. e5 Nfd7 5. f4 c5 6. Nf3 Nc6 7. Be3 Be7 8. Qd2 O-O 9. dxc5 Nxc5 10. O-O-O a6 11. Bd3 Nxd3+ 12. Qxd3 Qa5 13. Kb1 Bd7 14. Nd4 Rfc8 15. Nb3 Qc7 16. h4 Be8 17. g4 b5 18. h5 Nb4 19. Qd2 Nxc2 20. Qxc2 b4 21. Bd4 bxc3 22. Qxc3 Qb7 23. Qe3 a5 24. f5 a4 25. Nc5 Qb5 26. Rc1 Ra5 27. f6 Bf8 28.
Rc2 Rxc5 29. Bxc5 Bxc5 30. Qg5 Bf8 31. fxg7 Bc5 32. Qd8 Bb6 33. Qe7 Kxg7 34. h6+ Kg8 35. Rc8 1-0

[Event "44th Chess Olympiad Women 2022"]
[Site "Chennai"]
[Date "2022.07.31"]
[Round "3.2"]
[White "Muzychuk, Mariya"]
[Black "Borosova, Zuzana"]
[Result "1-0"]
[WhiteElo "2540"]
[BlackElo "2277"]
[Annotator "RC"]
[PlyCount "144"]
[EventDate "2022.??.??"]
[TimeControl "60"]

1. e4 e5 2. Nf3 Nc6 3. Bb5 a6 4. Ba4 Nf6 5. O-O Be7 6. Re1 b5 7. Bb3 d6 8. c3 O-O 9. h3 Nb8 10. d4 Nbd7 11. Nbd2 Bb7 12. Bc2 Re8 13. Nf1 Bf8 14. Ng3 g6 15. Bg5 h6 16. Bd2 Bg7 17. a4 c5 18. d5 c4 19. b4 cxb3 20. Bxb3 bxa4 21. Bxa4 Re7 22. c4 Nc5 23. Bb4 Rc8 24. Bc2 Nfd7 25. Qe2 Qf8 26. Nd2 h5 27. Ra3 Bh6 28. Rb1 f6 29. Nb3 Qf7 30. Nf1 Kh7 31. Nfd2 Bxd2 32. Bxd2 Nxb3 33. Raxb3 Ba8 34. Bb4 Nc5 35. Bxc5 Rxc5 36. Rb6 Rd7 37. Rxa6 Bb7 38. Rab6 Qe7 39. Bd3 Rdc7 40. Ra1 Bc8 41. Ra8 Kg7 42. Qb2 Kh6 43. Qd2+ Kg7 44. Rbb8 Qd7 45. Qb2 Qe7 46. Rb5 Kh6 47. Rxc5 Rxc5 48. Qb6 Qc7 49. Rb8 Ba6 50. Qxc7 Rxc7 51. Rb4 h4 52. g3 Kg5 53. Kg2 Rc5 54. Kf3 Ra5 55. gxh4+ Kxh4 56. Rb6 Ra3 57. Ke2 f5 58. Rxd6 fxe4 59. Bxe4 Bxc4+ 60. Kd2 Ra2+ 61. Kc3 Bxd5 62. Bxd5 Rxf2 63. Be6 Rf6 64. Kd3 Rf4 65. Ke3 g5 66. Bg4 Kg3 67. Rg6 Kh4 68. Re6 e4 69. Rh6+ Kg3 70. Rh5 Rf8 71. Kxe4 Ra8 72. Rxg5 Ra4+ 1-0

[Event "44th Chess Olympiad Women 2022"]
[Site "Chennai"]
[Date "2022.07.31"]
[Round "3.2"]
[White "Repkova, Eva"]
[Black "Muzychuk, Anna"]
[Result "0-1"]
[WhiteElo "2303"]
[BlackElo "2529"]
[Annotator "RC"]
[PlyCount "76"]
[EventDate "2022.??.??"]
[TimeControl "60"]

1. e4 c5 2. Nf3 Nc6 3. Bb5 g6 4. O-O Bg7 5. Re1 e5 6. c3 Nge7 7. d3 O-O 8. Be3 d6 9. h3 h6 10. Qd2 Kh7 11. d4 exd4 12. cxd4 Qb6 13. Na3 cxd4 14. Bf4 Be6 15. Bxd6 Rfd8 16. Qf4 Rac8 17. Rac1 d3 18. b4 g5 19. Qg3 Rxd6 20. Qxd6 Rd8 21. Qc5 d2 22. Nxd2 Rxd2 23. Qxb6 axb6 24. Nc4 Rxa2 25. e5 Nxb4 26. Nxb6 Nec6 27. Rc5 Ra5 28. Rd1 Kg8 29. Nd7 Bxd7 30. Rxd7 Bf8 31. Bxc6 Bxc5 32. Bxb7 Ra1+ 33. Kh2 Bxf2 34. Bf3 Ra7 35. Rd6 Be3 36. g3 Ra2+ 37. Kh1 Rd2 38. Rf6 Nd3 0-1